 Dungeon Crawl Stone Soup version 0.23-a0-315-ga85b81c (webtiles) character file.

131610 Gildeon the Severer (level 16, -15/138 HPs)
             Began as a Minotaur Fighter on Oct 10, 2018.
             Was the Champion of Cheibriados.
             Killed from afar by Nikola (24 damage)
             ... with a chain lightning
             ... on level 3 of the Spider Nest on Oct 13, 2018.
             The game lasted 02:12:05 (25652 turns).

Gildeon the Severer (Minotaur Fighter)             Turns: 25652, Time: 02:12:06

Health: -15/138    AC: 31    Str: 42    XL:     16   Next: 55%
Magic:  20/20      EV: 17    Int: 20    God:    Cheibriados [******]
Gold:   3721       SH: 25    Dex: 29    Spells: 22/25 levels left

rFire    + + .     SeeInvis .   a - +8 broad axe (chop)
rCold    . . .     Gourm    .   M - +0 large shield
rNeg     . . .     Faith    .   w - +10 plate armour {rF+}
rPois    .         Spirit   .   C - +0 hat
rElec    .         Reflect  .   z - +2 cloak {rF+}
rCorr    .         Harm     .   v - +0 pair of gloves
MR       ++...                  A - +0 pair of boots
Stlth    ..........             b - amulet of magic regeneration
HPRegen  0.33/turn              y - ring of protection from magic
MPRegen  0.42/turn              m - +3 ring of strength

@: very slow
A: retaliatory headbutt, horns 2, low mp 1
a: Bend Time, Temporal Distortion, Slouch, Step From Time, Renounce Religion


You were on level 3 of the Spider Nest.
You worshipped Cheibriados.
Cheibriados was exalted by your worship.
You were not hungry.

You visited 5 branches of the dungeon, and saw 27 of its levels.
You also visited: Bailey, Ice Cave and Volcano.

You collected 4348 gold pieces.
You spent 627 gold pieces at shops.

Inventory:

Hand Weapons
 a - a +8 broad axe of chopping (weapon)
 i - a +3 morningstar of flaming
 n - a +0 broad axe of chopping
Armour
 v - a +0 pair of gloves (worn)
 w - a +10 plate armour of fire resistance (worn)
 z - a +2 cloak of fire resistance (worn)
 A - a +0 pair of boots (worn)
 C - a +0 hat (worn)
 H - a +4 plate armour of cold resistance
 J - a scarf of resistance
 M - a +0 large shield (worn)
Jewellery
 b - an amulet of magic regeneration (around neck)
 m - a +3 ring of strength (right hand)
 q - an uncursed ring of flight
 y - a ring of protection from magic (left hand)
 F - an uncursed ring of fire
 I - an uncursed ring of see invisible
Wands
 e - a wand of digging (62)
 j - a wand of iceblast (29)
 k - a wand of paralysis (30)
 p - a wand of acid (13)
 B - a wand of disintegration (4)
 G - a wand of clouds (4)
Scrolls
 g - 12 scrolls of remove curse
 h - 7 scrolls of fog
 r - 11 scrolls of teleportation
 s - 3 scrolls of fear
 E - 2 scrolls of blinking
 K - 4 scrolls of identify
Potions
 d - 3 potions of resistance
 l - 10 potions of curing
 o - 4 potions of lignification
 t - 2 potions of magic
 u - 3 potions of mutation
 x - a potion of invisibility
 D - 2 potions of heal wounds
 L - a potion of agility
 N - a potion of might
Comestibles
 c - 3 chunks of flesh
 f - 41 rations


   Skills:
 + Level 11.6 Fighting
 - Level 18.0 Axes
 + Level 10.4 Armour
 - Level 10.0 Dodging
 + Level 15.2 Shields
 - Level 5.0 Spellcasting
 - Level 5.0 Hexes
 + Level 9.7 Invocations
 + Level 9.1 Evocations


You had 22 spell levels left.
You knew the following spells:

 Your Spells              Type           Power        Failure   Level  Hunger
a - Confuse               Hex            ####....     54%         3    ##.....

Your spell library contained the following spells:

 Spells                   Type           Power        Failure   Level  Hunger
 Confusing Touch          Hex            ####..       22%         1    None
 Animate Skeleton         Necr           N/A          86%         1    None
 Apportation              Tloc           #.....       86%         1    None
 Beastly Appendage        Tmut           #.....       86%         1    None
 Freeze                   Ice            #...         86%         1    None
 Pain                     Necr           #...         86%         1    None
 Summon Small Mammal      Summ           #...         86%         1    None
 Sticks to Snakes         Tmut           #.......     95%         2    None
 Throw Frost              Conj/Ice       #.....       95%         2    None
 Gell's Gravitas          Tloc           #.........   99%         3    ##.....
 Ozocubu's Armour         Chrm/Ice       #.......     99%         3    ##.....
 Regeneration             Chrm/Necr      #.........   99%         3    ##.....
 Spider Form              Tmut/Pois      #.........   99%         3    ##.....
 Vampiric Draining        Necr           #.........   99%         3    ##.....
 Animate Dead             Necr           N/A          100%        4    ####...
 Ice Form                 Ice/Tmut       #.......     100%        4    ####...
 Petrify                  Tmut/Erth      #.......     100%        4    ####...
 Summon Ice Beast         Ice/Summ       #.......     100%        4    ####...
 Throw Icicle             Conj/Ice       #.......     100%        4    ####...
 Blade Hands              Tmut           #.........   100%        5    #####..
 Irradiate                Conj/Tmut      #.........   100%        5    #####..
 Metabolic Englaciation   Hex/Ice        ###.......   100%        5    #####..
 Yara's Violent Unravell  Hex/Tmut       ###.......   100%        5    #####..
 Bolt of Cold             Conj/Ice       #.........   100%        6    #######
 Freezing Cloud           Conj/Ice/Air   #.........   100%        6    #######
 Hydra Form               Tmut           #.........   100%        6    #######
 Ozocubu's Refrigeration  Ice            #.........   100%        6    #######
 Simulacrum               Ice/Necr       #.........   100%        6    #######
 Statue Form              Tmut/Erth      #........    100%        6    #######
 Dragon Form              Tmut           #.........   100%        7    #######


Dungeon Overview and Level Annotations

Branches:
Dungeon (15/15)            Temple (1/1) D:6            Lair (6/6) D:8
 Shoals (0/4) Lair:2       Spider (3/4) Lair:3          Orc (2/2) D:10
    Elf (0/3) Orc:2        Vaults (0/5) D:14         Depths (0/5) D:15
  Slime: Lair:5-6

Altars:
Ashenzari
Cheibriados
Dithmenos
Elyvilon
Fedhas
Gozag
Hepliaklqana
Kikubaaqudgha
Makhleb
Nemelex Xobeh
Okawaru
Qazlal
Ru
Sif Muna
Trog
Uskayaw
Vehumet
Wu Jian
Xom
Yredelemnul
Zin
The Shining One
Beogh

Shops:
D:4 }   D:11 *   D:15 (   Orc:2 :*(?

Portals:
Pandemonium: Orc:2

Annotations:
Lair:5 exclusion: 3 oklob plants
Spider:3 Nikola


Innate Abilities, Weirdness & Mutations

You reflexively headbutt those who attack you in melee.
You have a pair of horns on your head.
Your magical capacity is low. (-10% MP)


Message History

Nikola moves out of view.
Nikola is too close now for your liking.
Nikola mumbles some strange words.
You hear a mighty clap of thunder!
The lightning arc hits you!
The lightning arc hits Nikola.
The lightning arc hits you!
The lightning arc hits Nikola.
The lightning arc hits you!
* * * LOW HITPOINT WARNING * * *
The lightning arc hits Nikola.
The lightning arc hits you!
* * * LOW HITPOINT WARNING * * *
You hear an angry hiss. x3; You hear a bark!
You hear an angry hiss. x6
You feel much better. You block Nikola's attack.
You slice Nikola!! You headbutt Nikola.
Nikola is moderately wounded.
Nikola casts a spell.
You hear a mighty clap of thunder!
The lightning arc hits you!
* * * LOW HITPOINT WARNING * * *
The lightning arc hits Nikola.
The lightning arc hits you!
You die...

##....# .###..## .
.#^#...# #.. .# .#....##
.... ##..# .#..### .#...
.#..# .....# ..^# #.^..
...#### ###..####...
#^..#.###.#....#.@# #
..#...#.#.....##@.#.#..#
..#.....#..####.......^.
######...†..#....#...###
#...#^..###..##.#....
.......#.#....^..# # ...
.#..##.###....#### ##
##. ###....#.... #
#.>....#....#
#...##.#.#....


You could see Nikola.

Vanquished Creatures
  Asterion (Spider:1)
  Rupert (Lair:6)
  Kirke (D:13)
  Agnes (D:14)
  Roxanne (D:14)
  An orc warlord (Orc:1)
  An emperor scorpion (Spider:1)
  An entropy weaver (Spider:3)
  A dire elephant (D:15)
  Josephine (Lair:6)
  Snorg (Orc:1)
  A fire dragon (Volcano)
  An ice dragon (D:12)
  4 hydras
  A catoblepas (Lair:6)
  4 centaur warriors
  2 two-headed ogres
  A death knight (D:12)
  6 orc high priests
  Urug (Lair:2)
  Nergalle (Lair:4)
  A sun demon (Orc:2)
  A gelid demonspawn (Orc:2)
  Pikel (D:7)
  A torturous demonspawn (Orc:2)
  A wizard (D:14)
  6 orb spiders
  6 orc sorcerers (Orc:2)
  5 orc knights
  A deep elf mage (D:14)
  2 necromancers
  6 cyclopes
  3 manticores
  9 ugly things
  4 salamanders
  11 wolf spiders
  9 elephants
  2 rust devils
  3 black mambas
  A molten gargoyle (D:15)
  A torpor snail (Spider:2)
  An ice statue (IceCv)
  3 rime drakes
  12 spiny frogs
  A yaktaur (shapeshifter) (D:7)
  A kobold demonologist (D:14)
  10 freezing wraiths (IceCv)
  9 komodo dragons
  A hellwing (Orc:2)
  5 demonic crawlers
  A red devil (Orc:2)
  7 polar bears
  26 jumping spiders
  A polar bear (shapeshifter) (D:13)
  11 trolls
  A wolf spider simulacrum (IceCv)
  10 hornets
  Grinder (D:5)
  6 slime creatures
  9 blink frogs
  A dream sheep (Lair:6)
  A raiju (shapeshifter) (D:15)
  10 hippogriffs
  13 spriggans (Lair:6)
  51 redbacks
  15 tarantellas
  A vampire (D:10)
  2 basilisks (Lair:6)
  6 wraiths
  40 yaks
  8 wyverns
  A fire elemental (D:15)
  2 hogs (D:13)
  3 fire bats (Volcano)
  Grum (D:8)
  3 steam dragons
  A death yak simulacrum (IceCv)
  6 hungry ghosts
  8 wargs
  5 vampire mosquitoes
  15 water moccasins
  An acid dragon (D:15)
  2 hell hounds (Spider:3)
  46 orc warriors
  8 porcupines
  3 black bears
  11 ice beasts
  7 sky beasts
  A slave (D:7)
  A necrophage (D:12)
  3 eyes of draining
  An alligator simulacrum (IceCv)
  23 ogres
  4 boggarts (Lair:6)
  A phantom (D:4)
  22 wolves
  25 centaurs
  16 crocodiles
  4 big kobolds
  A gnoll sergeant (D:10)
  11 bullfrogs
  A wyvern zombie (D:10)
  4 scorpions
  22 killer bees
  2 vampire bats (Orc:2)
  2 howler monkeys (D:8)
  3 crimson imps
  A bullfrog zombie (D:13)
  8 draconian simulacra (IceCv)
  2 jellies (D:13)
  2 lava snakes (D:15)
  3 quasits
  13 hounds
  21 orc priests
  Crazy Yiuf (D:7)
  5 gnoll shamans (D:13)
  6 bullfrog skeletons
  4 centaur skeletons
  4 iguanas
  22 orc wizards
  A polar bear simulacrum (IceCv)
  7 worker ants
  3 troll simulacra (IceCv)
  2 spriggan simulacra (IceCv)
  A centaur simulacrum (IceCv)
  3 hound skeletons
  3 hound zombies
  30 gnolls
  A howler monkey skeleton (D:7)
  3 ogre simulacra (IceCv)
  15 adders
  3 naga simulacra (IceCv)
  5 shadow imps
  12 white imps (IceCv)
  4 oozes
  3 adder skeletons
  6 worms
  2 dart slugs
  4 leopard geckos
  100 orcs
  12 bats
  6 giant cockroaches
  11 goblins
  4 hobgoblins
  20 jackals
  43 kobolds
  2 quokkas
  3 ball pythons
  2 frilled lizards
  A quokka skeleton (D:9)
  A quokka zombie (D:8)
  3 rats
  5 fungi
  5 plants
1059 creatures vanquished.

Vanquished Creatures (collateral kills)
  An orc (D:9)
1 creature vanquished.

Vanquished Creatures (others)
  2 redbacks (Spider:2)
  5 humans (D:13)
  A slave (D:8)
  An orc warrior (D:13)
  A crimson imp (D:8)
  A gnoll shaman (D:13)
  6 orc wizards
  2 gnolls (D:13)
  A leopard gecko skeleton (D:7)
  17 fungi
  A plant (Volcano)
38 creatures vanquished.

Grand Total: 1098 creatures vanquished

Notes
Turn   | Place    | Note
-------+----------+-------------------------------------------
     0 | D:1      | Gildeon the Minotaur Fighter began the quest for the Orb.
     0 | D:1      | Reached XP level 1. HP: 19/19 MP: 0/0
   314 | D:1      | Reached XP level 2. HP: 27/27 MP: 1/1
  1055 | D:2      | Reached skill level 1 in Dodging
  1065 | D:2      | Reached skill level 3 in Axes
  1065 | D:2      | Reached XP level 3. HP: 27/33 MP: 2/2
  1212 | D:2      | Reached XP level 4. HP: 40/40 MP: 3/3
  1242 | D:2      | Found a sparkling altar of Nemelex Xobeh.
  1472 | D:3      | Reached skill level 4 in Axes
  1472 | D:3      | Reached XP level 5. HP: 46/47 MP: 4/4
  1678 | D:3      | Found a hide-covered altar of Uskayaw.
  1709 | D:3      | Reached XP level 6. HP: 37/53 MP: 5/5
  1799 | D:3      | Noticed an ice beast
  1804 | D:3      | Killed an ice beast
  1804 | D:3      | Reached skill level 5 in Axes
  2174 | D:4      | Reached skill level 5 in Shields
  2179 | D:4      | Reached skill level 5 in Fighting
  2179 | D:4      | Reached skill level 5 in Armour
  2226 | D:4      | Found a shattered altar of Ashenzari.
  2272 | D:4      | Reached XP level 7. HP: 61/61 MP: 6/6
  2327 | D:4      | Reached skill level 6 in Axes
  2511 | D:4      | Found Vitofilo's Gadget Boutique.
  2669 | D:4      | Reached skill level 1 in Evocations
  2701 | D:4      | Reached skill level 7 in Axes
  2857 | D:4      | Reached XP level 8. HP: 53/68 MP: 6/8
  2950 | D:4      | Found a snail-covered altar of Cheibriados.
  2991 | D:4      | Became a worshipper of Cheibriados the Contemplative
  3168 | D:5      | Entered Level 5 of the Dungeon
  3439 | D:5      | Reached skill level 1 in Invocations
  3450 | D:5      | Reached * piety under Cheibriados
  3518 | D:5      | Reached skill level 8 in Axes
  3542 | D:5      | Noticed Grinder
  3550 | D:5      | Paralysed by Grinder for 4 turns
  3555 | D:5      | Killed Grinder
  4045 | D:6      | Found a staircase to the Ecumenical Temple.
  4052 | Temple   | Entered the Ecumenical Temple
  4397 | D:6      | Found a blossoming altar of Fedhas.
  4559 | D:6      | Found a shadowy altar of Dithmenos.
  4585 | D:6      | Reached skill level 5 in Dodging
  4892 | D:7      | Reached XP level 9. HP: 65/74 MP: 10/10
  4895 | D:7      | Reached skill level 9 in Axes
  4895 | D:7      | Noticed Pikel
  4919 | D:7      | Killed Pikel
  4997 | D:7      | Reached ** piety under Cheibriados
  5015 | D:7      | Found a runed door.
  5074 | D:7      | Noticed Crazy Yiuf
  5077 | D:7      | Killed Crazy Yiuf
  5077 | D:7      | Reached skill level 10 in Axes
  5934 | D:6      | Noticed a rust devil
  5934 | D:6      | Noticed a rust devil
  5953 | D:7      | Killed a rust devil
  6086 | D:8      | Reached XP level 10. HP: 63/81 MP: 12/12
  6099 | D:8      | Reached skill level 1 in Spellcasting
  6149 | D:8      | Found a staircase to the Lair.
  6178 | D:8      | Reached skill level 11 in Axes
  6233 | D:8      | Noticed Grum
  6237 | D:8      | Reached *** piety under Cheibriados
  6255 | D:8      | Killed Grum
  6523 | D:8      | Reached skill level 5 in Invocations
  6565 | D:8      | Reached skill level 5 in Evocations
  6712 | D:8      | Paralysed by a hornet for 3 turns
  7102 | D:7      | Noticed a cyclops
  7102 | D:7      | Noticed an orb spider
  7110 | D:7      | Reached **** piety under Cheibriados
  7124 | D:7      | Reached skill level 12 in Axes
  7134 | D:7      | Killed a cyclops
  7143 | D:7      | Reached XP level 11. HP: 55/89 MP: 13/13
  7371 | Lair:1   | Entered Level 1 of the Lair of Beasts
  8627 | Lair:2   | Reached ***** piety under Cheibriados
  8748 | Lair:2   | Noticed Urug
  8761 | Lair:2   | Killed Urug
  8761 | Lair:2   | Reached skill level 13 in Axes
  8761 | Lair:2   | Reached skill level 10 in Shields
  9116 | Lair:2   | Found a staircase to the Shoals.
  9681 | Lair:3   | Found a dark tunnel.
  9688 | Volcano  | Entered a volcano
  9727 | Volcano  | Noticed a two-headed ogre
  9735 | Volcano  | Killed a two-headed ogre
  9735 | Volcano  | Reached XP level 12. HP: 79/101 MP: 14/14
  9959 | Volcano  | Reached skill level 14 in Axes
 10042 | Volcano  | Found the +0 Maxwell's etheric cage {RegenMP+ *Contam rElec
                  | MP+4}
 10093 | Volcano  | Noticed a fire dragon
 10103 | Volcano  | Killed a fire dragon
 10231 | Lair:3   | Learned a level 3 spell: Confuse
 10367 | Lair:3   | Found a hole to the Spider Nest.
 10910 | Lair:4   | Noticed Nergalle
 10924 | Lair:4   | Killed Nergalle
 10924 | Lair:4   | Reached skill level 1 in Hexes
 10935 | Lair:4   | Reached ****** piety under Cheibriados
 11354 | Lair:4   | Reached skill level 15 in Axes
 11363 | Lair:4   | Reached XP level 13. HP: 111/111 MP: 15/15
 12230 | Lair:6   | Entered Level 6 of the Lair of Beasts
 12249 | Lair:6   | Noticed Rupert
 12249 | Lair:6   | Paralysed by Rupert for 2 turns
 12267 | Lair:6   | Killed Rupert
 12280 | Lair:6   | Noticed Josephine
 12298 | Lair:6   | Killed Josephine
 12307 | Lair:6   | Reached skill level 10 in Fighting
 12311 | Lair:6   | Reached skill level 10 in Armour
 12511 | Lair:6   | Reached skill level 16 in Axes
 12652 | Lair:6   | Reached skill level 10 in Dodging
 12970 | Lair:6   | Reached XP level 14. HP: 121/121 MP: 16/16
 13522 | Lair:6   | Upgraded the game from 0.23-a0-307-gc3b755d to
                  | 0.23-a0-309-ge7838e6
 13737 | D:9      | Got a brightly glowing chain mail
 14277 | D:10     | Entered Level 10 of the Dungeon
 14314 | D:10     | Found a staircase to the Orcish Mines.
 14777 | D:10     | You fall through a shaft for 2 floors!
 14792 | D:12     | Identified the +2 chain mail of Beyond {Regen+} (You found
                  | it on level 9 of the Dungeon)
 14903 | D:12     | Reached skill level 17 in Axes
 14951 | D:12     | Found a frozen archway.
 14991 | IceCv    | Entered an ice cave
 15386 | IceCv    | Found an ancient bone altar of Kikubaaqudgha.
 16581 | Orc:1    | Entered Level 1 of the Orcish Mines
 16800 | Orc:2    | Entered Level 2 of the Orcish Mines
 16952 | Orc:2    | Found Vokh's General Store.
 16964 | Orc:2    | Found Eliwkew's Magic Scroll Boutique.
 17144 | Orc:2    | Upgraded the game from 0.23-a0-309-ge7838e6 to
                  | 0.23-a0-315-ga85b81c
 17589 | Orc:2    | Found a staircase to the Elven Halls.
 17703 | Orc:2    | Found a roughly hewn altar of Beogh.
 17878 | Orc:2    | Gained mutation: Your magical capacity is low. (-10% MP) [a
                  | neqoxec]
 17900 | Orc:2    | Paralysed by an orc sorcerer for 5 turns
 17962 | Orc:2    | Reached XP level 15. HP: 111/126 MP: 17/17
 17978 | Orc:2    | Reached skill level 18 in Axes
 18111 | Orc:2    | Found Feenup's Book Emporium.
 18111 | Orc:2    | Found Bazxoa's Antique Weapon Shoppe.
 18111 | Orc:2    | Found a one-way gate leading to the halls of Pandemonium.
 18172 | Orc:1    | Noticed Snorg
 18179 | Orc:1    | Killed Snorg
 18316 | Orc:1    | Noticed an orc warlord
 18335 | Orc:1    | Killed an orc warlord
 18471 | Orc:2    | Bought a scroll of teleportation for 42 gold pieces
 18471 | Orc:2    | Bought a scroll of blinking for 105 gold pieces
 18471 | Orc:2    | Bought a scroll of enchant armour for 105 gold pieces
 18471 | Orc:2    | Bought a scroll of teleportation for 42 gold pieces
 18471 | Orc:2    | Bought 3 scrolls of teleportation for 126 gold pieces
 18471 | Orc:2    | Bought a scroll of enchant armour for 105 gold pieces
 18471 | Orc:2    | Bought a scroll of fog for 28 gold pieces
 18471 | Orc:2    | Bought a scroll of teleportation for 42 gold pieces
 19335 | D:11     | Found Baveo's Island Escapes.
 19908 | D:11     | Bought a scroll of fog for 32 gold pieces
 20471 | D:12     | Got a faintly humming chain mail
 20484 | D:12     | Identified the +0 chain mail of Goachuj {rF++ Dex+2} (You
                  | found it on level 12 of the Dungeon)
 20997 | D:13     | Found a flagged portal.
 21030 | Bailey   | Entered a bailey
 21498 | D:13     | Noticed Kirke
 21509 | D:13     | Killed Kirke
 21999 | D:14     | Reached skill level 5 in Spellcasting
 22296 | D:14     | Noticed Roxanne
 22298 | D:14     | Noticed Agnes
 22306 | D:14     | Killed Roxanne
 22306 | D:14     | Killed Agnes
 22669 | D:14     | Found a gate to the Vaults.
 23030 | D:15     | Entered Level 15 of the Dungeon
 23169 | D:15     | Found Vohiefish's Antique Weapon Emporium.
 23353 | D:15     | Found a staircase to the Depths.
 24079 | Spider:1 | Entered Level 1 of the Spider Nest
 24117 | Spider:1 | Reached XP level 16. HP: 103/136 MP: 20/20
 24720 | Spider:1 | Noticed Asterion
 24732 | Spider:1 | Killed Asterion
 24930 | Spider:2 | Reached skill level 5 in Hexes
 24939 | Spider:2 | Reached skill level 15 in Shields
 25648 | Spider:3 | Noticed Nikola
 25650 | Spider:3 | HP: 2/138 [Nikola/chain lightning (28)]
 25652 | Spider:3 | Killed from afar by Nikola

Vault maps used:
D:1:      lightli_arrival_lavapool
D:2:      lemuel_crystal_altar, first_ration
D:3:      lemuel_doored_altar
D:4:      kennysheep_mini, old_standard_altar, serial_shops, shop,
          cheibrodos_gnoll_hut
D:5:      uniq_grinder
D:6:      cheibrodos_iron_armory, kennysheep_little_box,
          minmay_temple_entry_overgrown, basic_altar
D:7:      minmay_klotski, uniq_pikel, uniq_crazy_yiuf_cottage
D:8:      lair_entry_dummy, hangedman_pestilent_swarm, uniq_grum
D:9:      kennysheep_just_a_vault
D:10:     minmay_orc_entry_guard_dogs, small_chamber_with_monster
D:11:     nicolae_island_escapes
D:12:     portal_ice_cave_entry_animals_and_master
D:13:     kennysheep_seaside_town, enter_bailey_2, uniq_kirke
D:14:     david_vaults_1, minmay_misc_feat_square, uniq_agnes, uniq_roxanne
D:15:     hangedman_depths_entry_try_elsewhere_first, minmay_misc_feat_chi,
          serial_shops, nicolae_shop_trees
Temple:   minmay_temple_bridge_d
Lair:2:   minmay_shoals_entry_beasts, hibernation_bobbens, uniq_urug
Lair:3:   nicolae_spider_entry_tight_spaces, nicolae_volcano_entry_hallway
Lair:4:   uniq_nergalle
Lair:5:   minmay_slime_entry_oklob_enclosed, st_stairs_10,
          minmay_lair_oklob_chamber, grunt_megastairs_2, lemuel_fruit_fields
Lair:6:   minmay_lair_end_enchanted_forest, uniq_rupert, uniq_josephine
Spider:1: spider_trap, uniq_asterion
Spider:2: nicolae_spider_mines_3
Spider:3: spider_trap, uniq_nikola, uniq_azrael
Orc:1:    uniq_snorg
Orc:2:    pf_orc_diabolical, basic_altar, roderic_batcave, nicolae_orc_rich_vein
Bailey:   bailey_axe_1, bailey
IceCv:    ice_cave_small_necro
Volcano:  pf_volcano_lost_world

Skill      XL: |  1  2  3  4  5  6  7  8  9 10 11 12 13 14 15 16 |
---------------+-------------------------------------------------+-----
Dodging        | 1 2 4 5 7 8 10 | 10.0
Shields        | 4 5 6 7 8 9 10 11 12 13 14 15 | 15.2
Axes           | 3 4 5 7 8 10 12 13 15 16 17 18 | 18.0
Armour         | 4 5 7 9 10 | 10.4
Fighting       | 4 5 7 9 10 11 | 11.6
Evocations     | 1 3 4 5 6 8 9 |  9.1
Invocations    | 2 4 5 7 8 9 |  9.7
Spellcasting   | 2 4 5 |  5.0
Hexes          | 1 2 4 5 |  5.0

Action                   |  1- 3 |  4- 6 |  7- 9 | 10-12 | 13-15 | 16-18 || total
-------------------------+-------+-------+-------+-------+-------+-------++-------
Melee: War axe           |    84 |   147 |   304 |   258 |       |       ||   793
       Headbutt          |     7 |    26 |    66 |   174 |   375 |    61 ||   709
       Broad axe         |       |       |       |   212 |   998 |   164 ||  1374
       Whip              |       |       |       |       |    26 |       ||    26
Invok: Slouch            |       |       |       |       |       |     7 ||     7
 Abil: Evoke Flight      |       |       |       |       |     1 |       ||     1
Evoke: Wand              |       |       |     3 |     6 |    17 |     2 ||    28
  Use: Scroll            |     5 |     5 |     5 |    15 |    26 |     1 ||    57
       Potion            |       |       |     5 |     1 |     7 |     5 ||    18
  Eat: Chunk             |     1 |     4 |     8 |    12 |    10 |     1 ||    36
       Ration            |       |       |     1 |       |     5 |     1 ||     7
Armor: Scale mail        |    21 |       |       |       |       |       ||    21
       Chain mail        |    31 |    75 |    24 |       |       |       ||   130
       Plate armour      |       |       |   121 |   141 |   295 |    62 ||   619
Dodge: Dodged            |    25 |    41 |    82 |   200 |   567 |    96 ||  1011
Block: Shield            |    62 |    95 |   204 |   382 |  1017 |    68 ||  1828
       Large shield      |       |       |       |       |       |   167 ||   167

Table legend:
 A = Non-vault XP
 B = Vault XP
 C = Vault XP percentage of total XP
 D = Non-vault monster count
 E = Vault monster count
 F = Vault count percentage of total count
                 A         B        C        D         E       F
            +---------+---------+-------+---------+---------+-------
      Total |  109793 |   78222 |  41.6 |     713 |     337 |  32.1
            +---------+---------+-------+---------+---------+-------
        D:1 |      28 |       0 |   0.0 |      15 |       0 |   0.0
        D:2 |     113 |       0 |   0.0 |      26 |       0 |   0.0
        D:3 |     412 |       0 |   0.0 |      40 |       0 |   0.0
        D:4 |     844 |      97 |  10.3 |      29 |       3 |   9.4
        D:5 |     590 |     281 |  32.3 |      23 |       1 |   4.2
        D:6 |     235 |     568 |  70.7 |       8 |       2 |  20.0
        D:7 |    1818 |    3210 |  63.8 |      31 |      16 |  34.0
        D:8 |    1736 |    1760 |  50.3 |      23 |       9 |  28.1
        D:9 |    1401 |     978 |  41.1 |      26 |       1 |   3.7
       D:10 |    2626 |    1579 |  37.6 |      34 |       5 |  12.8
       D:11 |    5566 |       0 |   0.0 |      45 |       0 |   0.0
       D:12 |    8187 |    2494 |  23.3 |      50 |       8 |  13.8
       D:13 |    5380 |    3516 |  39.5 |      34 |      22 |  39.3
       D:14 |    4111 |    5340 |  56.5 |      13 |       5 |  27.8
       D:15 |    6721 |    2270 |  25.2 |      22 |       3 |  12.0
     Lair:1 |    3161 |       0 |   0.0 |      12 |       0 |   0.0
     Lair:2 |    3958 |    1969 |  33.2 |      20 |       4 |  16.7
     Lair:3 |    2004 |    1657 |  45.3 |       9 |       6 |  40.0
     Lair:4 |    6648 |     812 |  10.9 |      25 |       1 |   3.8
     Lair:5 |    6839 |     862 |  11.2 |      21 |       3 |  12.5
     Lair:6 |    8009 |   13259 |  62.3 |      26 |      52 |  66.7
   Spider:1 |   13472 |    2230 |  14.2 |      47 |       1 |   2.1
   Spider:2 |   13474 |    4302 |  24.2 |      43 |      11 |  20.4
   Spider:3 |    3895 |     287 |   6.9 |      12 |       2 |  14.3
      Orc:1 |    6415 |    1123 |  14.9 |      39 |       1 |   2.5
      Orc:2 |    2150 |   15206 |  87.6 |      40 |      68 |  63.0
     Bailey |       0 |     882 | 100.0 |       0 |      32 | 100.0
      IceCv |       0 |    6606 | 100.0 |       0 |      54 | 100.0
    Volcano |       0 |    6934 | 100.0 |       0 |      27 | 100.0
            +---------+---------+-------+---------+---------+-------
